 Seeded DCSS version 0.30.0-10-gfe55d96785 (webtiles) character file.

Game seed: 3030252869677438109 (custom seed)

28 Danienth the Sneak (level 3, -1/17 HPs)
             Began as a Spriggan Enchanter on May 16, 2023.
             Slain by Jessica
             ... wielding a +0 club
              (2 damage)
             ... on level 2 of the Dungeon.
             The game lasted 00:05:23 (805 turns).

Danienth the Sneak (Spriggan Enchanter)              Turns: 805, Time: 00:05:24

Health: -1/17      AC:  2    Str:  6    XL:     3   Next: 0%
Magic:  8/8        EV: 17    Int: 16    God:
Gold:   59         SH:  0    Dex: 15    Spells: 8/8 levels left

rFire   . . .        a - +1 dagger
rCold   . . .        (no shield)
rNeg    . . .        b - +0 robe
rPois   .            (helmet restricted)
rElec   .            (no cloak)
rCorr   .            (gloves unavailable)
SInv    +            (boots unavailable)
Will    .....        (no amulet)
Stlth   +++          (no ring)
HPRegen 0.22/turn    (no ring)
MPRegen 0.11/turn

%: no passive effects
@: lethally poisoned (-1 -> -3), invisible, very quick
A: very small, no large weapons, unfitting armour, see invisible, speed 3
a: no special abilities


You were on level 2 of the Dungeon.
You visited 1 branch of the dungeon, and saw 2 of its levels.

You collected 59 gold pieces.

Inventory:

Hand Weapons
 a - a +1 dagger (weapon)
Armour
 b - a +0 robe (worn)
 h - +0 pearl dragon scales
Scrolls
 d - 3 scrolls of teleportation {unknown}
 i - a scroll of magic mapping {unknown}
Potions
 e - 2 potions of heal wounds {unknown}
 f - 2 potions of curing {unknown}
 g - a potion of attraction {unknown}


   Skills:
 * Level 0.3 Fighting
 * Level 1.4 Short Blades
 + Level 2.7 Dodging
 * Level 5.3 Stealth
 * Level 3.1 Spellcasting
 + Level 3.8 Hexes


You had 8 spell levels left.
You didn't know any spells.
Your spell library contained the following spells:

 Spells                   Type           Power      Damage    Failure   Level
 Confusing Touch          Hex            14%        N/A       12%         3
 Tukima's Dance           Hex            14%        N/A       12%         3
 Ensorcelled Hibernation  Hex/Ice        16%        N/A       13%         2
 Dazzling Flash           Conj/Hex       16%        N/A       26%         3


Dungeon Overview and Level Annotations

Branches:
Dungeon (2/15)

Altars:

Annotations:
D:2 Jessica


Innate Abilities, Weirdness & Mutations

You are very small and have problems with some larger weapons.
You are too small for most types of armour.
You have supernaturally acute eyesight. (SInv)
You cover ground extremely quickly. (Speed+++)


Message History

You hit the rat.
You kill the rat!
You have reached level 3!
Your experience leads to an increase in your attributes!
Increase (S)trength, (I)ntelligence, or (D)exterity?
You feel stronger. x2
Found a lumpy sapphire potion.
The adder completely misses you.
You closely miss Jessica.
Jessica gestures wildly while chanting.
Jessica blinks!
The adder misses you.
Unknown command.
You hit the adder.
The adder is lightly wounded.
The adder barely misses you.
You miss the adder.
The adder is lightly wounded.
The adder bites you.
You are poisoned.
The adder poisons you! The adder misses you.
You closely miss the adder.
The adder is lightly wounded.
You feel sick. The adder bites you.
You closely miss the adder.
The adder is lightly wounded.
You feel sick. The adder closely misses you. The endoplasm freezes you.
You are frozen.
* * * LOW HITPOINT WARNING * * *
You are too injured to fight recklessly!
You fade into invisibility!
You feel sick. The adder barely misses you.
The endoplasm hits you but does no damage.
The endoplasm barely misses you.
You hit the endoplasm but do no damage.
You feel sick. The adder completely misses you. The endoplasm freezes you.
You are frozen.
* * * LOW HITPOINT WARNING * * *
Jessica hits you with a +0 club.
You die...

###.### #.# #.# #.#
#.# # ## # ##.## ##.
##. ## .##
#...###.J##..#! #..##.
#.....##..##.@##..##..
#...#.# #..##S@..##..#
#####.# #..##J.##..#
#.### #....##..# #...#
##..##..# ###.##
##....# #..# ##..##
##.####..## #......##
########


You could see an adder (unable to see you), Jessica (unable to see you) and an
endoplasm.

Vanquished Creatures
  2 ball pythons (D:1)
  An endoplasm (D:1)
  5 giant cockroaches (D:1)
  A goblin (D:1)
  3 hobgoblins (D:1)
  5 kobolds (D:1)
  2 quokkas (D:1)
  2 bats (D:1)
  4 rats
25 creatures vanquished.

Notes
Turn   | Place    | Note
-------+----------+-------------------------------------------
     0 | D:1      | Danienth the Spriggan Enchanter began the quest for the
                  | Orb.
     0 | D:1      | Reached XP level 1. HP: 9/9 MP: 5/5
   143 | D:1      | Reached XP level 2. HP: 12/14 MP: 6/6
   150 | D:1      | Reached skill level 5 in Stealth
   795 | D:2      | Noticed Jessica
   797 | D:2      | Reached XP level 3. HP: 14/17 MP: 8/8
   805 | D:2      | Slain by Jessica

Illustrated notes

Levels and vault maps discovered:
D:1:      onia_arrival_mini_spirals, layout_loops_ring, nrook_campfire
D:2:      minmay_alternating_diamond, layout_loops_cross, serial_aquarium,
          aquarium_bridge_long_joined [aquarium_subvault_wall,
          aquarium_subvault_bridge, aquarium_subvault_wall,
          aquarium_subvault_balcony, aquarium_subvault_wall,
          aquarium_subvault_wall], aquarium_bridge_square
          [aquarium_subvault_bridge, aquarium_subvault_bridge,
          aquarium_subvault_balcony, aquarium_subvault_balcony],
          aquarium_window_fake, aquarium_window_fake, aquarium_view_2f,
          aquarium_view_2g, aquarium_pool_corner, serial_shops,
          nicolae_shop_hallway_stairs, kennysheep_generic_room_2, uniq_jessica,
          uniq_robin

Skill      XL: |  1  2 |
---------------+-------+-----
Stealth        | 5 |  5.3
Spellcasting   | 3 |  3.1
Fighting       | |  0.3
Short Blades   | |  1.4
Dodging        | |  2.7
Hexes          | |  3.8

Action                     || total
---------------------------++-------
  Melee: Dagger            ||    92
         Punch             ||     1
    Use: Potion            ||     2
   Stab: Sleeping          ||     6
         Invisible         ||     1
 Armour: Robe              ||     6
  Dodge: Dodged            ||    71
